 Dungeon Crawl Stone Soup version 0.16-a0-3946-g4f19e5c (webtiles) character file.

25 Econoterrorist the Sneak (level 2, 0/13 HPs)
             Began as a Spriggan Enchanter on Feb 9, 2015.
             Slain by a hobgoblin (1 damage)
             ... on level 2 of the Dungeon.
             The game lasted 00:02:59 (1088 turns).

Econoterrorist the Sneak (Spriggan Enchanter)       Turns: 1088, Time: 00:03:00

Health: 0/13       AC:  3    Str:  4    XL:     2   Next: 82%
Magic:  1/7        EV: 18    Int: 16    God:
Gold:   41         SH:  0    Dex: 16    Spells: 2 memorised, 3 levels left

rFire  . . .     SeeInvis +     a - +1 dagger
rCold  . . .     Clarity  .     i - +1 robe
rNeg   . . .     SustAb   .     (shield restricted)
rPois  .         Gourm    .     (helmet restricted)
rElec  .         Spirit   .     (no cloak)
rCorr  .         Warding  .     (gloves unavailable)
rMut   .         Stasis   .     (boots unavailable)
MR     .....                    (no amulet)
Stlth  ++++......               (no ring)
                                (no ring)

@: very slightly contaminated, very quick, not resistant to hostile
enchantments, stealthy
A: unfitting armour, see invisible, herbivore 3, speed 3, slow metabolism 2
a: no special abilities


You were on level 2 of the Dungeon.
You were not hungry.

You visited 1 branch of the dungeon, and saw 2 of its levels.

You collected 41 gold pieces.

Inventory:

Hand weapons
 a - a +1 dagger (weapon)
Armour
 i - a +1 robe (worn)
Scrolls
 j - a scroll of fear {unknown}
Potions
 b - a potion of invisibility {unknown}
 e - a potion of cancellation {unknown}
 g - a potion of curing {unknown}
 h - a potion of brilliance {unknown}
 k - a potion of mutation {unknown}
 l - a potion of resistance {unknown}
Books
 c - a book of Maledictions

   Spells                             Type                      Level
   a - Corona                         Hexes                        1
   b - Sure Blade                     Hexes/Charms                 2
   c - Ensorcelled Hibernation        Hexes/Ice                    2
   d - Confuse                        Hexes                        3
   e - Dazzling Spray                 Conjuration/Hexes            3
   f - Enslavement                    Hexes                        4
Comestibles
 d - a bread ration
 f - a slice of pizza


   Skills:
 - Level 1.1 Short Blades
 - Level 3.0 Dodging
 + Level 6.2 Stealth
 - Level 2.6 Spellcasting
 - Level 3.6 Hexes


You had 3 spell levels left.
You knew the following spells:

 Your Spells              Type           Power        Failure   Level  Hunger
a - Corona                Hex            ##.....      6%          1    #......
b - Ensorcelled Hibernat  Hex/Ice        #.....       17%         2    ##.....


Dungeon Overview and Level Annotations

Branches:
Dungeon (2/15)

Altars:

Annotations:
D:2 Terence


Innate Abilities, Weirdness & Mutations

You are tiny and cannot use many weapons and most armour.
You have supernaturally acute eyesight.
You are a herbivore.
You cover ground extremely quickly.
You need consume almost no food.


Message History

Terence completely misses you.
You hit Terence.
Terence is almost dead.
Terence misses you. The hobgoblin completely misses you.
You barely miss Terence.
Terence is almost dead.
Terence hits you with a mace of protection.
You closely miss Terence.
Terence is almost dead.
The hobgoblin barely misses you.
You barely miss Terence.
Terence is almost dead.
Terence hits you with a mace of protection!
Ouch! That really hurt!
* * * LOW HITPOINT WARNING * * *
The hobgoblin barely misses you.
You hit Terence but do no damage.
Terence is almost dead.
The hobgoblin hits you.
You die...

. ###+#####..
#........# #
#........#
#...##g.......#
#.....@@......#
##....###..###...
#... #....# ###
#.#..##..#.#
#.#<.......#
#.#...###..#
#.#......
##########


You could see Terence and a hobgoblin.

Vanquished Creatures
  A giant mite (D:1)
  A giant gecko (D:1)
  An ooze (D:1)
  4 bats (D:1)
  2 hobgoblins (D:1)
  A giant cockroach (D:1)
  4 goblins (D:1)
  A kobold (D:1)
  2 rats (D:1)
17 creatures vanquished.

Notes
Turn   | Place    | Note
--------------------------------------------------------------
     0 | D:1      | Econoterrorist, the Spriggan Enchanter, began the quest for the Orb.
     0 | D:1      | Reached XP level 1. HP: 9/9 MP: 4/4
   258 | D:1      | Reached skill level 5 in Stealth
   402 | D:1      | Reached XP level 2. HP: 13/13 MP: 7/7
   532 | D:1      | Reached skill level 6 in Stealth
   606 | D:1      | Learned a level 2 spell: Ensorcelled Hibernation
  1079 | D:2      | Noticed Terence
  1088 | D:2      | Slain by a hobgoblin

Action                   || total
-------------------------++-------
Melee: Dagger            ||    51
 Cast: Corona            ||     1
       Ensorcelled Hiber ||     2
  Use: Scroll            ||     2
 Stab: Sleeping          ||     6
       Distracted        ||     1
